 Dungeon Crawl Stone Soup version 0.23-a0-558-g30802b1 (webtiles) character file.

8065 zishaf the Fighter (level 11, 0/117 HPs)
             Began as an Ogre Hunter on Dec 12, 2018.
             Was an Elder of Wu Jian.
             Slain by a troll (4 damage)
             ... on level 10 of the Dungeon on Dec 13, 2018.
             The game lasted 00:40:48 (15277 turns).

zishaf the Fighter (Ogre Hunter)                   Turns: 15277, Time: 00:40:49

Health: 0/117      AC:  4    Str: 22    XL:     11   Next: 25%
Magic:  18/18      EV: 13    Int: 12    God:    Wu Jian [****..]
Gold:   518        SH:  0    Dex: 12    Spells: 17/20 levels left

rFire    . . .     SeeInvis .   a - +4 morningstar
rCold    . . .     Gourm    .   (no shield)
rNeg     . . .     Faith    .   b - +1 robe
rPois    +         Spirit   .   (helmet restricted)
rElec    .         Reflect  .   (no cloak)
rCorr    .         Harm     .   (gloves unavailable)
MR       +....                  (boots unavailable)
Stlth    +.........             p - amulet of regeneration
HPRegen  0.69/turn              k - ring of poison resistance
MPRegen  0.16/turn              N - +4 ring of strength

@: no status effects
A: large, unfitting armour, tough skin 1
a: Wall Jump, Serpent's Lash, Renounce Religion


You were on level 10 of the Dungeon.
You worshipped Wu Jian.
Wu Jian was greatly pleased with you.
You were not hungry.

You visited 2 branches of the dungeon, and saw 11 of its levels.
You also visited: Ossuary.

You collected 518 gold pieces.

Inventory:

Hand Weapons
 a - a +4 morningstar (weapon)
 h - a +0 giant club
Missiles
 c - 4 large rocks
 d - 3 throwing nets
 l - 190 stones
 m - 2 silver tomahawks
 t - 8 tomahawks (quivered)
 u - 62 poisoned needles
 y - 8 curare-tipped needles
 P - 6 javelins
Armour
 b - a +1 robe (worn)
Jewellery
 k - a ring of poison resistance (left hand)
 o - an uncursed ring of protection from cold
 p - an amulet of regeneration (around neck)
 B - an uncursed ring of protection from fire
 N - a +4 ring of strength (right hand)
Wands
 C - a wand of enslavement (3)
 H - a wand of scattershot (4)
Scrolls
 g - 2 scrolls of fog
 j - 9 scrolls of remove curse
 q - 3 scrolls of amnesia
 r - 3 scrolls of magic mapping
 s - a scroll of fear
 w - 2 scrolls of enchant armour
 D - a scroll of noise {unknown}
 L - a scroll of immolation {unknown}
 M - 2 scrolls of blinking {unknown}
 O - a scroll of summoning {unknown}
Potions
 e - 5 potions of curing
 n - 3 potions of brilliance
 v - 2 potions of lignification {unknown}
 x - 2 potions of flight
 z - 2 potions of haste
 A - 3 potions of resistance {unknown}
 E - 4 potions of cancellation {unknown}
 F - a potion of ambrosia {unknown}
 G - 2 potions of might
 I - a potion of berserk rage {unknown}
 J - a potion of agility
 K - 2 potions of magic {unknown}
Comestibles
 f - 20 rations
 i - 6 chunks of flesh


   Skills:
 - Level 10.0 Fighting
 + Level 7.0 Maces & Flails
 - Level 7.0 Throwing
 + Level 7.3 Dodging
 - Level 0.6 Stealth
 - Level 5.0 Spellcasting
 - Level 4.0 Charms
 - Level 4.0 Necromancy
 * Level 3.6 Evocations


You had 17 spell levels left.
You knew the following spells:

 Your Spells              Type           Power        Failure   Level  Hunger
a - Regeneration          Chrm/Necr      ##........   12%         3    ###....

Your spell library contained the following spells:

 Spells                   Type           Power        Failure   Level  Hunger
 Infusion                 Chrm           ##..         3%          1    None
 Song of Slaying          Chrm           ##......     6%          2    ##.....
 Shroud of Golubria       Chrm/Tloc      #.........   13%         2    ##.....
 Summon Butterflies       Summ           #.......     21%         1    None
 Spectral Weapon          Hex/Chrm       #.......     26%         3    ###....
 Call Canine Familiar     Summ           #.......     52%         3    ###....
 Summon Ice Beast         Ice/Summ       #.......     89%         4    ####...
 Summon Mana Viper        Hex/Summ       #.......     99%         5    ######.
 Summon Hydra             Summ           #.........   100%        7    #######


Dungeon Overview and Level Annotations

Branches:
Dungeon (10/15)            Temple (1/1) D:4
   Lair: D:8-11         Orc: D:9-12

Altars:
Ashenzari
Cheibriados
Dithmenos
Elyvilon
Fedhas
Gozag
Hepliaklqana
Kikubaaqudgha
Makhleb
Nemelex Xobeh
Okawaru
Qazlal
Ru
Sif Muna
Trog
Uskayaw
Vehumet
Wu Jian
Xom
Yredelemnul
Zin
The Shining One

Shops:
D:6 :


Innate Abilities, Weirdness & Mutations

You are too large for most types of armour.
You have tough skin. (AC +1)


Message History

Press: ? - help, Shift-Dir - straight line, f - troll
Aim: a troll (chance to defeat MR: 56%)
The troll resists with significant effort.
The troll bites you!
* * * LOW HITPOINT WARNING * * *
The troll claws you.
* * * LOW HITPOINT WARNING * * *
The troll claws you!
* * * LOW HITPOINT WARNING * * *
Evoke which item? (* to show all) (? for menu, Esc to quit)
Aiming: Enslavement
Press: ? - help, Shift-Dir - straight line, f/p - troll
Aim: a troll (chance to defeat MR: 56%)
The troll resists with significant effort.
The troll bites you!
* * * LOW HITPOINT WARNING * * *
The troll claws you.
* * * LOW HITPOINT WARNING * * *
The troll claws you.
You die...

........... ....
..........# ..%.# ##..##.#
#........#...# #.#.......
.##[.......#...###.#...##.#
...........#...............
#...!............#...##.#
.##...........# #.#...##.#
.........T@...# #.#...##.#
>##..###......# #.#...##<#
# #......####.#...##|#
#...................
##.....##...........
#.#...##..##.#.....
#.#.......##.#..##.
...........##รท#..##.
##.#...##..##.#..##.


You could see a troll.

Vanquished Creatures
  A hydra (D:8)
  A two-headed ogre (D:9)
  Joseph (D:8)
  A troll (D:10)
  Grinder (D:3)
  2 dream sheep (D:8)
  2 hippogriffs
  A wraith (Ossuary)
  2 yaks (D:8)
  A wyvern (D:9)
  A hungry ghost (D:7)
  Duvessa (D:5)
  3 sky beasts
  2 ice beasts
  An orc warrior (D:7)
  A necrophage (D:8)
  An eye of draining (D:8)
  A phantom (D:6)
  4 ogres
  3 centaurs
  4 big kobolds (D:8)
  3 bullfrogs
  2 gnoll sergeants (D:7)
  Dowan (D:5)
  A wyvern zombie (D:8)
  A water moccasin zombie (D:6)
  A wyvern skeleton (D:8)
  5 scorpions
  A water moccasin skeleton (D:7)
  7 killer bees
  3 wights (D:6)
  2 howler monkeys (D:5)
  2 crimson imps
  A bullfrog zombie (D:6)
  4 jellies
  A gnoll shaman (D:4)
  3 orc priests
  5 hounds
  3 bullfrog skeletons (D:9)
  2 centaur skeletons (D:7)
  3 iguanas
  4 orc wizards
  6 worker ants
  2 hound zombies
  2 hound skeletons
  A mummy (Ossuary)
  A howler monkey zombie (D:7)
  14 gnolls
  13 adders
  A howler monkey skeleton (D:7)
  2 shadow imps
  8 oozes (D:3)
  2 adder zombies
  3 adder skeletons
  4 worms
  6 leopard geckos
  26 orcs
  A ball python (D:2)
  7 giant cockroaches
  7 goblins
  8 hobgoblins
  17 jackals
  4 quokkas
  9 bats
  7 frilled lizards
  5 gnoll skeletons (Ossuary)
  24 kobolds
  5 kobold skeletons (Ossuary)
  A leopard gecko skeleton (D:8)
  A leopard gecko zombie (D:5)
  15 orc skeletons (Ossuary)
  13 rats
  A spectral orc (D:6)
306 creatures vanquished.

Vanquished Creatures (others)
  7 toadstools (D:3)
7 creatures vanquished.

Grand Total: 313 creatures vanquished

Notes
Turn   | Place    | Note
-------+----------+-------------------------------------------
     0 | D:1      | zishaf the Ogre Hunter began the quest for the Orb.
     0 | D:1      | Reached XP level 1. HP: 22/22 MP: 1/1
   191 | D:1      | Reached skill level 3 in Fighting
   292 | D:1      | Reached XP level 2. HP: 20/31 MP: 2/2
  1202 | D:2      | Reached XP level 3. HP: 34/39 MP: 3/3
  1569 | D:2      | Reached skill level 4 in Fighting
  1891 | D:2      | Reached skill level 1 in Maces & Flails
  2179 | D:2      | Reached XP level 4. HP: 40/48 MP: 4/4
  3257 | D:3      | Reached XP level 5. HP: 55/55 MP: 5/5
  3550 | D:3      | Found an iron altar of Okawaru.
  3693 | D:3      | Reached skill level 5 in Fighting
  4488 | D:3      | Reached XP level 6. HP: 55/66 MP: 6/6
  4620 | D:3      | Noticed Grinder
  4686 | D:4      | Got a brightly glowing spear
  4691 | D:4      | Identified the +1 spear of Dissolution {protect, +Inv rPois
                  | MR-} (You found it on level 4 of the Dungeon)
  4728 | D:4      | Reached skill level 6 in Fighting
  5473 | D:4      | Reached XP level 7. HP: 50/76 MP: 7/7
  5545 | D:4      | Found a staircase to the Ecumenical Temple.
  5559 | Temple   | Entered the Ecumenical Temple
  5636 | Temple   | Became a worshipper of the Wu Jian Council
  5824 | D:4      | Reached skill level 5 in Throwing
  6414 | D:5      | Entered Level 5 of the Dungeon
  6801 | D:5      | Reached skill level 7 in Fighting
  7002 | D:5      | Noticed Dowan
  7006 | D:5      | Noticed Duvessa
  7034 | D:5      | Killed Duvessa
  7039 | D:5      | Killed Dowan
  7039 | D:5      | Reached * piety under Wu Jian
  7303 | D:6      | Found a sparkling altar of Nemelex Xobeh.
  7321 | D:6      | Reached XP level 8. HP: 86/88 MP: 8/8
  7521 | D:5      | Reached skill level 8 in Fighting
  7925 | D:6      | Noticed a hippogriff
  8505 | D:5      | Reached skill level 9 in Fighting
  8882 | D:6      | Killed a hippogriff
  8882 | D:6      | Reached XP level 9. HP: 20/100 MP: 9/9
  9036 | D:6      | Reached ** piety under Wu Jian
  9090 | D:6      | Reached skill level 5 in Dodging
  9341 | D:6      | Learned a level 3 spell: Regeneration
  9391 | D:6      | Found a basalt altar of Yredelemnul.
  9578 | D:6      | Found a hazy altar of Hepliaklqana.
  9789 | D:6      | Found Xiteotant's Book Emporium.
  9847 | D:7      | Found an ancient bone altar of Kikubaaqudgha.
  9883 | D:7      | Reached skill level 1 in Spellcasting
 10107 | D:3      | Paralysed by Grinder for 6 turns
 10114 | D:3      | Paralysed by Grinder for 7 turns
 10122 | D:3      | Killed Grinder
 10122 | D:3      | Reached skill level 1 in Charms
 10122 | D:3      | Reached skill level 1 in Necromancy
 10322 | D:7      | Reached skill level 10 in Fighting
 10387 | D:7      | Found a glowing golden altar of the Shining One.
 10387 | D:7      | Found a shattered altar of Ashenzari.
 10500 | D:7      | Reached skill level 5 in Maces & Flails
 10975 | D:7      | Found a hide-covered altar of Uskayaw.
 11176 | D:8      | Found a sand-covered staircase.
 11229 | Ossuary  | Entered an ossuary
 11282 | Ossuary  | Reached *** piety under Wu Jian
 12083 | D:7      | Found a hide-covered altar of Uskayaw.
 12159 | D:7      | Found an ancient bone altar of Kikubaaqudgha.
 12364 | D:7      | Found a glowing golden altar of the Shining One.
 12364 | D:7      | Found a shattered altar of Ashenzari.
 12789 | D:7      | Reached XP level 10. HP: 72/110 MP: 14/14
 12859 | D:8      | Noticed Joseph
 13261 | D:8      | Killed Joseph
 13694 | D:8      | Reached **** piety under Wu Jian
 13865 | D:8      | Found an opulent altar of Gozag.
 14295 | D:8      | Reached skill level 1 in Evocations
 14342 | D:8      | Noticed a two-headed hydra
 14353 | D:8      | Killed a two-headed hydra
 14353 | D:8      | Reached XP level 11. HP: 32/117 MP: 15/17
 14789 | D:9      | Noticed a two-headed ogre
 14844 | D:9      | Found a stormy altar of Qazlal.
 14947 | D:9      | Killed a two-headed ogre
 15074 | D:10     | Entered Level 10 of the Dungeon
 15091 | D:10     | Reached skill level 5 in Spellcasting
 15277 | D:10     | HP: 4/117 [troll (3)]
 15277 | D:10     | Slain by a troll

Vault maps used:
D:1:      psy_arrival_statuary, minmay_misc_feat_secret_circle
D:2:      minmay_close_crescents
D:3:      cheibrodos_fertilizer, okawaru_metal_pillars_3, uniq_grinder
D:4:      minmay_temple_entry_gardened_gates, first_ration, grunt_decor_clamped
D:5:      minmay_quadrilaterals, uniq_duvessa
D:6:      cheibrodos_fzero, lemuel_round_altar,
          yredelemnul_forgotten_temple_becter,
          nemelex_xobeh_ov_fountains_minmay, serial_shops,
          nicolae_shop_waterfront
D:7:      overflow_temple_1_default, kennysheep_mini_moat,
          gammafunk_temple_overflow_elements, serial_co_window_serial,
          co_window_of_opportunity_a, co_window_paths_a, co_window_corner_a,
          co_window_paths_b, co_window_paths_b, co_window_2corner,
          co_window_corner_b, co_window_broadway_c, co_window_corner_cb,
          co_window_paths_e, glass_columns_c, glass_columns_a, glass_columns_a,
          glass_columns_a
D:8:      nicolae_overflow_crystal_walls, nicolae_ossuary_entry_monument,
          hangedman_ranch, uniq_joseph
D:9:      nicolae_qazlal_eye_of_the_storm
D:10:     basic_altar, uniq_maurice
Temple:   dshaligram_water_room_temple
Ossuary:  ossuary_due_mausoleum

Skill      XL: |  1  2  3  4  5  6  7  8  9 10 11 |
---------------+----------------------------------+-----
Fighting       | 3 4 5 6 7 9 10 | 10.0
Dodging        | 2 3 4 5 7 |  7.3
Maces & Flails | 1 2 3 4 5 6 7 |  7.0
Throwing       | 5 6 7 |  7.0
Spellcasting   | 3 4 5 |  5.0
Charms         | 2 4 |  4.0
Necromancy     | 2 4 |  4.0
Evocations     | 2 3 |  3.6
Stealth        | |  0.6

Action                   |  1- 3 |  4- 6 |  7- 9 | 10-12 || total
-------------------------+-------+-------+-------+-------++-------
Melee: Hand axe          |   199 |   177 |       |       ||   376
       Short sword       |    11 |       |       |       ||    11
       Whip              |       |    73 |   550 |       ||   623
       Giant club        |       |     7 |       |       ||     7
       Morningstar       |       |       |   181 |   217 ||   398
Throw: Javelin           |       |     8 |    42 |     7 ||    57
       Large rock        |       |     7 |    10 |       ||    17
       Tomahawk          |       |     1 |    50 |    54 ||   105
       Throwing net      |       |       |     1 |       ||     1
Invok: Lunge             |       |       |    36 |     5 ||    41
       Whirlwind         |       |       |    72 |     1 ||    73
 Abil: Wall Jump         |       |       |     1 |       ||     1
Evoke: Wand              |       |       |     2 |     2 ||     4
  Use: Scroll            |       |     6 |    10 |     2 ||    18
       Potion            |       |     3 |       |       ||     3
 Stab: Invisible         |       |     3 |       |       ||     3
       Sleeping          |       |       |     1 |       ||     1
  Eat: Chunk             |     4 |     8 |    11 |     6 ||    29
       Ration            |       |     1 |     5 |     1 ||     7
Armor: Robe              |    83 |    61 |   138 |    37 ||   319
Dodge: Dodged            |   162 |   157 |   402 |   157 ||   878

Table legend:
 A = Non-vault XP
 B = Vault XP
 C = Vault XP percentage of total XP
 D = Non-vault monster count
 E = Vault monster count
 F = Vault count percentage of total count
                 A         B        C        D         E       F
            +---------+---------+-------+---------+---------+-------
      Total |    7022 |    4500 |  39.1 |     232 |      74 |  24.2
            +---------+---------+-------+---------+---------+-------
        D:1 |      30 |       0 |   0.0 |      22 |       0 |   0.0
        D:2 |      75 |      52 |  40.9 |      31 |       6 |  16.2
        D:3 |     165 |     335 |  67.0 |      26 |      15 |  36.6
        D:4 |     304 |       0 |   0.0 |      22 |       0 |   0.0
        D:5 |     373 |     536 |  59.0 |      23 |       8 |  25.8
        D:6 |     805 |     702 |  46.6 |      26 |       9 |  25.7
        D:7 |    1500 |       0 |   0.0 |      30 |       0 |   0.0
        D:8 |    1629 |    2623 |  61.7 |      35 |       9 |  20.5
        D:9 |    1701 |       0 |   0.0 |      12 |       0 |   0.0
       D:10 |     440 |       0 |   0.0 |       5 |       0 |   0.0
    Ossuary |       0 |     252 | 100.0 |       0 |      27 | 100.0
            +---------+---------+-------+---------+---------+-------
